AoeStats
← GORGORY

Arena

504026936Analyzed
2v2 RM · 29d ago on Sep 3, 2026· 54m 19s· 4 players
Game mode
Random Map
Map size
Medium (4 player)
Population
200
Speed
Normal
Resources
Standard
Victory
Conquest
Starting age
Dark Age
Ending age
Imperial Age
RankedLock teamsTeams togetherTeam positionsShared explorationLock speedFull tech treeHidden civsTurbo modeCheats
Victory
Defeat
🇮🇳 Chinese · India
950
+46
🇦🇷 Ethiopians · Argentina
933
+17
🇩🇪 Jurchens · Germany
976
-17
🇺🇸 Malay · United States
939
-16
BLUERACOON
5:19 Loom
5:23 Loom
10:52 Feudal Age
10:47 Double-Bit Axe
11:13 Horse Collar
12:51 Wheelbarrow
13:15 Town Watch
20:10 Castle Age
24:26 Man-at-Arms
25:13 Squires
24:59 Arson
25:09 Fletching
25:28 Long Swordsman
28:06 Bow Saw
28:14 Hand Cart
30:35 Caravan
31:00 Forging
31:04 Stone Mining
31:08 Gold Mining
31:57 Heavy Plow
32:43 Town Patrol
34:09 Pikeman
38:56 Imperial Age
39:06 Imperial Age
38:37 Iron Casting
38:12 Scale Barding Armor
38:11 Husbandry
37:33 Light Cavalry
37:56 Capped Ram
37:59 Heavy Scorpion
38:06 Two-Handed Swordsman
39:13 Conscription
41:21 Forced Levy
43:46 Elite Skirmisher
45:17 Thumb Ring
uff
8:25 Loom
10:59 Feudal Age
15:37 Castle Age
13:29 Double-Bit Axe
14:34 Horse Collar
16:48 Bow Saw
20:53 Wheelbarrow
21:01 Gold Mining
21:01 Stone Mining
23:12 Stone Mining
23:42 Heavy Plow
24:04 Forging
23:56 Scale Mail Armor
25:02 Hand Cart
25:24 Town Watch
26:18 Scale Barding Armor
26:55 Gold Shaft Mining
27:09 Squires
29:09 Caravan
29:51 Town Patrol
31:09 Iron Casting
30:50 Chain Mail Armor
29:59 Pikeman
37:05 Imperial Age
40:23 Heavy Rocket Cart
42:10 Elite Fire Lancer
49:33 Conscription
49:21 Fortified Bastions
50:00 Stone Shaft Mining
52:38 Light Cavalry
akashgoel0610
13:11 Feudal Age
13:37 Double-Bit Axe
13:34 Horse Collar
19:48 Castle Age
20:44 Bow Saw
20:35 Heavy Plow
24:58 Fletching
26:55 Bodkin Arrow
27:54 Squires
27:41 Arson
27:50 Man-at-Arms
27:52 Pikeman
28:27 Gold Mining
28:27 Stone Mining
30:43 Ballistics
30:46 Forging
30:36 Scale Mail Armor
30:42 Scale Barding Armor
30:01 Long Swordsman
30:36 Loom
30:37 Town Watch
31:18 Padded Archer Armor
33:36 Wheelbarrow
33:03 Town Patrol
39:54 Imperial Age
37:39 Hand Cart
37:40 Husbandry
37:51 Bloodlines
37:02 Light Cavalry
40:35 Cavalier
40:48 Elite Chu Ko Nu
41:30 Great Wall
41:29 Two-Handed Swordsman
42:51 Stone Shaft Mining
42:51 Gold Shaft Mining
45:41 Chemistry
44:37 Murder Holes
44:52 Fortified Wall
44:34 Guard Tower
44:30 Arrowslits
44:10 Heavy Scorpion
44:11 Capped Ram
44:12 Heavy Rocket Cart
45:21 Thumb Ring
44:38 Crossbowman
44:40 Elite Skirmisher
44:42 Crossbowman
47:07 Two-Man Saw
46:18 Bracer
46:53 Iron Casting
46:33 Chain Mail Armor
46:39 Chain Barding Armor
46:35 Leather Archer Armor
46:29 Arbalester
47:26 Siege Ram
48:28 Rocketry
53:55 Rocketry
53:57 Conscription
53:09 Sappers
GORGORY
5:43 Loom
9:08 Feudal Age
9:30 Horse Collar
9:36 Double-Bit Axe
13:04 Wheelbarrow
17:03 Castle Age
15:55 Stone Mining
16:53 Gold Mining
19:21 Fervor
22:52 Sanctity
22:45 Town Watch
24:22 Heavy Plow
25:40 Bow Saw
26:07 Scale Mail Armor
28:05 Hand Cart
28:04 Forging
28:47 Ballistics
29:08 Chain Mail Armor
29:06 Squires
29:23 Arson
30:25 Royal Heirs
31:06 Iron Casting
31:05 Murder Holes
32:10 Fletching
32:20 Padded Archer Armor
31:44 Crossbowman
33:07 Gold Shaft Mining
34:54 Elite Skirmisher
35:40 Thumb Ring
38:38 Imperial Age
36:50 Stone Shaft Mining
36:30 Bodkin Arrow
36:56 Leather Archer Armor
39:11 Town Patrol
39:42 Conscription
38:44 Elite Shotel Warrior
39:32 Royal Heirs
39:25 Capped Ram
39:28 Arbalester
41:20 Plate Mail Armor
41:51 Blast Furnace
42:10 Siege Ram
43:07 Bracer
43:38 Ring Archer Armor
43:49 Halberdier
Connection lost

Rejoining the realm…

Still unreachable

The connection could not be restored.

Session expired

The server has moved on; the page needs a fresh start.